TOP OF THE 1ST |
Seattle Pikes batting - Pitching for Jersey Shore D-Bags : RHP Stephen Puckett
|
Pitching: RHP Stephen Puckett
|
|
Batting: RHB Lorenzo Ayala
|
0-0: SINGLE (Groundball, 56D) (infield hit)
|
Batting: LHB Robinson Fernández
|
0-0: Called Strike 0-1: Swinging Strike 0-2: Strikes out swinging
|
Batting: RHB António Ortega
|
0-0: Ball Throwing error on steal attempt, E2 Lorenzo Ayala to third 1-0: Ball 2-0: Ball 3-0: Base on Balls
|
Batting: RHB Manuel Rico
|
0-0: Called Strike 0-1: Foul Ball, location: 2F 0-2: Strikes out swinging
|
Batting: LHB Chad Weaver
|
0-0: Swinging Strike 0-1: Fly out, F8 (Flyball, 8RM)
|
Top of the 1st over - 0 run(s), 1 hit(s), 1 error(s), 2 left on base; Seattle 0 - Jersey Shore 0 |
BOTTOM OF THE 1ST |
Jersey Shore D-Bags batting - Pitching for Seattle Pikes : RHP Jesús Suárez
|
Pitching: RHP Jesús Suárez
|
|
Batting: LHB Ricardo Berroa
|
0-0: Ball 1-0: DOUBLE (Line Drive, 9LS)
|
Batting: RHB Cy Keynes
|
0-0: Called Strike 0-1: Ground out 6-3 (Groundball, 56)
|
Batting: LHB Mike Bryant
|
0-0: Ball 1-0: Ground out 1-3 (Groundball, 23) Ricardo Berroa to third
|
Batting: LHB Dave Dodd
|
0-0: Called Strike 0-1: DOUBLE (Line Drive, 8RXD) Ricardo Berroa scores
|
Batting: SHB Tadahisa Kisuki
|
0-0: Ball 1-0: Ball 2-0: Fly out, F7 (Line Drive, 7M)
|
Bottom of the 1st over - 1 run(s), 2 hit(s), 0 error(s), 1 left on base; Seattle 0 - Jersey Shore 1 |
TOP OF THE 2ND |
Seattle Pikes batting - Pitching for Jersey Shore D-Bags : RHP Stephen Puckett
|
Batting: RHB Tae-kwon Kwon
|
0-0: Ground out 4-3 (Groundball, 4)
|
Batting: SHB Jong-min Kim
|
0-0: Ball 1-0: Called Strike 1-1: Ball 2-1: Ball 3-1: Called Strike 3-2: Foul Ball, location: 2F 3-2: Base on Balls
|
Batting: LHB Javier Escobedo
|
0-0: SINGLE (Line Drive, 4MD) Jong-min Kim to second
|
Batting: RHB George Howard
|
0-0: Foul Ball, location: 2F 0-1: Ball 1-1: Swinging Strike 1-2: Ball 2-2: Foul Ball, location: 2F 2-2: Strikes out swinging
|
Batting: RHB Lorenzo Ayala
|
0-0: Ball 1-0: Ball 2-0: Called Strike 2-1: SINGLE (Groundball, 56D) Jong-min Kim to third Javier Escobedo to second Runner from 3rd tries for Home, throw and OUT!
|
Top of the 2nd over - 0 run(s), 2 hit(s), 0 error(s), 2 left on base; Seattle 0 - Jersey Shore 1 |
BOTTOM OF THE 2ND |
Jersey Shore D-Bags batting - Pitching for Seattle Pikes : RHP Jesús Suárez
|
Batting: RHB Owen Carter
|
0-0: Called Strike 0-1: Foul Ball, location: 2F 0-2: Ground out 1-3 (Groundball, 13)
|
Batting: RHB Orlando Bruno
|
0-0: Ball 1-0: SINGLE (Groundball, 25) (infield hit)
|
Batting: RHB Gerardo Escobedo
|
0-0: Ball Orlando Bruno steals 2nd base 1-0: Called Strike 1-1: Ball 2-1: Called Strike 2-2: Fly out, F9 (Flyball, 9M) Runner from 2nd tags up, OUT at 3rd
|
Bottom of the 2nd over - 0 run(s), 1 hit(s), 0 error(s), 0 left on base; Seattle 0 - Jersey Shore 1 |
TOP OF THE 3RD |
Seattle Pikes batting - Pitching for Jersey Shore D-Bags : RHP Stephen Puckett
|
Batting: LHB Robinson Fernández
|
0-0: Ball 1-0: Called Strike 1-1: Ball 2-1: Ball 3-1: Foul Ball, location: 2F 3-2: Foul Ball, location: 2F 3-2: Base on Balls
|
Batting: RHB António Ortega
|
0-0: Ball 1-0: Ball 2-0: Ball 3-0: Called Strike 3-1: Called Strike 3-2: Foul Ball, location: 2F 3-2: Foul Ball, location: 2F 3-2: Base on Balls Robinson Fernández to second
|
Batting: RHB Manuel Rico
|
0-0: Ball 1-0: Foul Ball, location: 2F 1-1: Foul Ball, location: 2F 1-2: Ball 2-2: Foul Ball, location: 2F 2-2: Foul Ball, location: 2F 2-2: Foul Ball, location: 2F 2-2: Foul Ball, location: 2F 2-2: Ball Wild Pitch! Robinson Fernández to third António Ortega to second 3-2: 3-RUN HOME RUN (Flyball, 7D), Distance : 360 ft
|
Batting: LHB Chad Weaver
|
0-0: Called Strike Reached via error on a dropped throw, E1
|
Batting: RHB Tae-kwon Kwon
|
0-0: Ball 1-0: Reached on error, E1 (Groundball, 25) Chad Weaver to second
|
Batting: SHB Jong-min Kim
|
0-0: Called Strike 0-1: Swinging Strike 0-2: Ball 1-2: Strikes out looking
|
Batting: LHB Javier Escobedo
|
0-0: Called Strike Chad Weaver steals 3rd base Tae-kwon Kwon to second 0-1: Fly out, F9 (Flyball, 9D) Runner from 3rd tags up, SCORES, no throw
|
Batting: RHB George Howard
|
0-0: Ball 1-0: Foul Ball, location: 2F 1-1: Ball 2-1: Foul Ball, location: 2F 2-2: Foul Ball, location: 2F 2-2: Ball 3-2: Foul Ball, location: 2F 3-2: Strikes out swinging
|
Top of the 3rd over - 4 run(s), 1 hit(s), 2 error(s), 1 left on base; Seattle 4 - Jersey Shore 1 |
BOTTOM OF THE 3RD |
Jersey Shore D-Bags batting - Pitching for Seattle Pikes : RHP Jesús Suárez
|
Batting: SHB William Martel
|
0-0: Called Strike 0-1: SINGLE (Line Drive, 4D)
|
Batting: LHB Ricardo Berroa
|
0-0: Ball 1-0: Foul Ball, location: 2F 1-1: Fly out, F8 (Flyball, 8RM)
|
Batting: RHB Cy Keynes
|
0-0: Called Strike 0-1: Foul Ball, location: 2F 0-2: Foul Ball, location: 2F 0-2: Foul Ball, location: 2F 0-2: Ball 1-2: Foul Ball, location: 2F 1-2: Strikes out swinging
|
Batting: LHB Mike Bryant
|
0-0: Foul Ball, location: 2F 0-1: Swinging Strike 0-2: Ball 1-2: Foul Ball, location: 2F 1-2: Ball 2-2: Ground out U3 (Groundball, 3)
|
Bottom of the 3rd over - 0 run(s), 1 hit(s), 0 error(s), 1 left on base; Seattle 4 - Jersey Shore 1 |
TOP OF THE 4TH |
Seattle Pikes batting - Pitching for Jersey Shore D-Bags : RHP Stephen Puckett
|
Batting: RHB Lorenzo Ayala
|
0-0: Called Strike 0-1: Called Strike 0-2: Ball 1-2: Strikes out swinging
|
Batting: LHB Robinson Fernández
|
0-0: Ball 1-0: Ball 2-0: Called Strike 2-1: Foul Ball, location: 2F 2-2: Foul Ball, location: 2F 2-2: Strikes out looking
|
Batting: RHB António Ortega
|
0-0: Ball 1-0: Swinging Strike 1-1: Ground out 6-3 (Groundball, 6)
|
Top of the 4th over - 0 run(s), 0 hit(s), 0 error(s), 0 left on base; Seattle 4 - Jersey Shore 1 |
BOTTOM OF THE 4TH |
Jersey Shore D-Bags batting - Pitching for Seattle Pikes : RHP Jesús Suárez
|
Batting: LHB Dave Dodd
|
0-0: Ball 1-0: Swinging Strike 1-1: Foul Ball, location: 2F 1-2: Strikes out swinging passed ball, reaches first!
|
Batting: SHB Tadahisa Kisuki
|
0-0: Ball 1-0: Foul Ball, location: 2F 1-1: Called Strike 1-2: Foul Ball, location: 2F 1-2: SINGLE (Groundball, 34D) Dave Dodd to second Runner from 2nd tries for 3rd, SAFE, throw made to third
|
Batting: RHB Owen Carter
|
0-0: Ball 1-0: Grounds into double play, U6-3 (Groundball, 6M) Dave Dodd scores
|
Batting: RHB Orlando Bruno
|
0-0: Swinging Strike 0-1: Ball 1-1: Swinging Strike 1-2: Strikes out swinging
|
Bottom of the 4th over - 1 run(s), 1 hit(s), 0 error(s), 0 left on base; Seattle 4 - Jersey Shore 2 |
TOP OF THE 5TH |
Seattle Pikes batting - Pitching for Jersey Shore D-Bags : RHP Stephen Puckett
|
Batting: RHB Manuel Rico
|
0-0: Ground out 6-3 (Groundball, 6)
|
Batting: LHB Chad Weaver
|
0-0: Ball 1-0: Swinging Strike 1-1: Foul Ball, location: 2F 1-2: Strikes out swinging
|
Batting: RHB Tae-kwon Kwon
|
0-0: Called Strike 0-1: Called Strike 0-2: Strikes out swinging
|
Top of the 5th over - 0 run(s), 0 hit(s), 0 error(s), 0 left on base; Seattle 4 - Jersey Shore 2 |
BOTTOM OF THE 5TH |
Jersey Shore D-Bags batting - Pitching for Seattle Pikes : RHP Jesús Suárez
|
Batting: RHB Gerardo Escobedo
|
0-0: Ball 1-0: Ground out 2-3 (Groundball, 25)
|
Batting: SHB William Martel
|
0-0: Ball 1-0: Ball 2-0: SINGLE (Groundball, 4M)
|
Batting: LHB Ricardo Berroa
|
0-0: Ball 1-0: SINGLE (Groundball, 3L) William Martel to second Runner from 2nd tries for 3rd, SAFE, throw made to third
|
Batting: RHB Cy Keynes
|
0-0: Ball 1-0: DOUBLE (Line Drive, 7LS) William Martel scores Ricardo Berroa to third Runner from 3rd tries for Home, SAFE, no throw or cutoff
|
Batting: LHB Mike Bryant
|
0-0: Ball 1-0: Ball 2-0: Foul Ball, location: 2F 2-1: Called Strike 2-2: Fly out, F3 (Popup, 34S)
|
Batting: LHB Dave Dodd
|
0-0: Swinging Strike 0-1: 2-RUN HOME RUN (Flyball, 8RXD), Distance : 438 ft
|
Batting: SHB Tadahisa Kisuki
|
0-0: Called Strike 0-1: Foul Ball, location: 2F 0-2: Ground out 5-3 (Groundball, 56)
|
Bottom of the 5th over - 4 run(s), 4 hit(s), 0 error(s), 0 left on base; Seattle 4 - Jersey Shore 6 |
TOP OF THE 6TH |
Seattle Pikes batting - Pitching for Jersey Shore D-Bags : RHP Stephen Puckett
|
Batting: SHB Jong-min Kim
|
0-0: Swinging Strike 0-1: Ground out 4-3 (Groundball, 34)
|
Batting: LHB Javier Escobedo
|
0-0: SINGLE (Groundball, 6M)
|
Batting: RHB George Howard
|
0-0: Called Strike Javier Escobedo steals 2nd base 0-1: Foul Ball, location: 2F 0-2: Ball 1-2: Foul Ball, location: 2F 1-2: Fly out, F9 (Flyball, 89XD) Runner from 2nd tags up, SAFE at 3rd, no throw
|
Batting: RHB Lorenzo Ayala
|
0-0: Foul Ball, location: 2F 0-1: Called Strike 0-2: Foul Ball, location: 2F 0-2: Fly out, F6 (Popup, 5)
|
Top of the 6th over - 0 run(s), 1 hit(s), 0 error(s), 1 left on base; Seattle 4 - Jersey Shore 6 |
BOTTOM OF THE 6TH |
Jersey Shore D-Bags batting - Pitching for Seattle Pikes : RHP Jesús Suárez
|
Batting: RHB Owen Carter
|
0-0: Ball 1-0: Called Strike 1-1: Swinging Strike 1-2: Ball 2-2: Foul Ball, location: 2F 2-2: Foul Ball, location: 2F 2-2: Ball 3-2: Foul Ball, location: 2F 3-2: Foul Ball, location: 2F 3-2: Foul Ball, location: 2F 3-2: Base on Balls
|
Pitching: LHP Cristián Escobar
|
|
Batting: RHB Orlando Bruno
|
0-0: Foul Ball, location: 2F 0-1: SINGLE (Line Drive, 9LS) Owen Carter to second
|
Batting: RHB Gerardo Escobedo
|
0-0: Ball 1-0: Ball 2-0: Ball 3-0: Called Strike 3-1: SINGLE (Groundball, 34D) Owen Carter to third Orlando Bruno to second Runner from 3rd tries for Home, SAFE, throw made home Orlando Bruno to third Gerardo Escobedo to second
|
Batting: SHB William Martel
|
0-0: Ball 1-0: Swinging Strike 1-1: Ball 2-1: Ball 3-1: Called Strike 3-2: Strikes out swinging
|
Batting: LHB Ricardo Berroa
|
0-0: Swinging Strike 0-1: Ball 1-1: Called Strike 1-2: Ball 2-2: Strikes out swinging
|
Batting: RHB Cy Keynes
|
0-0: Called Strike 0-1: Ground out 6-3 (Groundball, 6)
|
Bottom of the 6th over - 1 run(s), 2 hit(s), 0 error(s), 2 left on base; Seattle 4 - Jersey Shore 7 |
TOP OF THE 7TH |
Seattle Pikes batting - Pitching for Jersey Shore D-Bags : RHP Stephen Puckett
|
Pitching: LHP Claude Pinard
|
|
Batting: LHB Robinson Fernández
|
0-0: Foul Ball, location: 2F 0-1: Ball 1-1: Ball 2-1: Ball 3-1: Base on Balls
|
Batting: RHB António Ortega
|
0-0: Foul Ball, location: 2F 0-1: Grounds into double play, 6-4-3 (Groundball, 6)
|
Batting: RHB Manuel Rico
|
0-0: Ground out 5-3 (Groundball, 56)
|
Top of the 7th over - 0 run(s), 0 hit(s), 0 error(s), 0 left on base; Seattle 4 - Jersey Shore 7 |
BOTTOM OF THE 7TH |
Jersey Shore D-Bags batting - Pitching for Seattle Pikes : LHP Cristián Escobar
|
Batting: LHB Mike Bryant
|
0-0: Ball 1-0: Ball 2-0: Called Strike 2-1: Ball 3-1: Ground out 6-3 (Groundball, 6M)
|
Pitching: LHP John Whitaker
|
|
Batting: LHB Dave Dodd
|
0-0: Called Strike 0-1: SINGLE (Groundball, 34)
|
Batting: SHB Tadahisa Kisuki
|
0-0: Called Strike 0-1: Foul Ball, location: 2F 0-2: SINGLE (Groundball, 6D) Dave Dodd to second
|
Pitching: RHP Ernesto Beltrán
|
|
Batting: RHB Owen Carter
|
0-0: Called Strike 0-1: Called Strike 0-2: Strikes out looking
|
Batting: RHB Orlando Bruno
|
0-0: Ball 1-0: Ball 2-0: Fly out, F7 (Line Drive, 7LS)
|
Bottom of the 7th over - 0 run(s), 2 hit(s), 0 error(s), 2 left on base; Seattle 4 - Jersey Shore 7 |
TOP OF THE 8TH |
Seattle Pikes batting - Pitching for Jersey Shore D-Bags : LHP Claude Pinard
|
Batting: LHB Chad Weaver
|
0-0: Ball 1-0: Ball 2-0: Swinging Strike 2-1: Ball 3-1: Fly out, F8 (Flyball, 8RXD)
|
Batting: RHB Tae-kwon Kwon
|
0-0: Called Strike 0-1: Ground out 6-3 (Groundball, 6)
|
Batting: SHB Jong-min Kim
|
0-0: Foul Ball, location: 2F 0-1: Called Strike 0-2: Ball 1-2: Foul Ball, location: 2F 1-2: Ball 2-2: Ground out 6-3 (Groundball, 6M)
|
Top of the 8th over - 0 run(s), 0 hit(s), 0 error(s), 0 left on base; Seattle 4 - Jersey Shore 7 |
BOTTOM OF THE 8TH |
Jersey Shore D-Bags batting - Pitching for Seattle Pikes : RHP Ernesto Beltrán
|
Pitching: RHP Jesús Mendoza
|
|
Batting: RHB Gerardo Escobedo
|
0-0: SOLO HOME RUN (Flyball, 89XD), Distance : 406 ft
|
Batting: SHB William Martel
|
0-0: Called Strike 0-1: Called Strike 0-2: Ball 1-2: Ground out U3 (Groundball, 3L)
|
Batting: LHB Ricardo Berroa
|
0-0: Foul Ball, location: 2F 0-1: Called Strike 0-2: Ground out 4-3 (Groundball, 4)
|
Batting: RHB Cy Keynes
|
0-0: Ground out 5-3 (Groundball, 56)
|
Bottom of the 8th over - 1 run(s), 1 hit(s), 0 error(s), 0 left on base; Seattle 4 - Jersey Shore 8 |
TOP OF THE 9TH |
Seattle Pikes batting - Pitching for Jersey Shore D-Bags : LHP Claude Pinard
|
Batting: LHB Javier Escobedo
|
0-0: Ground out 5-3 (Groundball, 56)
|
Batting: RHB George Howard
|
0-0: Ball 1-0: Called Strike 1-1: Ball 2-1: Ball 3-1: Foul Ball, location: 2F 3-2: Base on Balls
|
Batting: RHB Lorenzo Ayala
|
0-0: Ball 1-0: Ball 2-0: Ball 3-0: Called Strike 3-1: Foul Ball, location: 2F 3-2: Strikes out looking
|
Batting: LHB Robinson Fernández
|
0-0: Ball 1-0: Swinging Strike 1-1: Foul Ball, location: 2F 1-2: Foul Ball, location: 2F 1-2: Ball 2-2: Fly out, F8 (Line Drive, 8LD)
|
Top of the 9th over - 0 run(s), 0 hit(s), 0 error(s), 1 left on base; Seattle 4 - Jersey Shore 8 |
|